 Dungeon Sprint DCSS version 0.27-a0-203-gd48b2df3c9 (webtiles) character file.

Game seed: 1345195645654584756

5806 mhtbhm the Black Belt (level 10, -3/75 HPs)
             Began as an Octopode Transmuter on Jan 30, 2021.
             Was a High Priest of Sif Muna.
             Slain by a four-headed hydra (5 damage)
             ... while petrified
             ... in the Dungeon (Sprint IX: "|||||||||||||||||||||||||||||").
             The game lasted 00:02:12 (1774 turns).

mhtbhm the Black Belt (Octopode Transmuter)         Turns: 1774, Time: 00:02:13

Health: -3/75      AC:  6    Str: 12    XL:     10   Next: 79%
Magic:  21/24      EV:  1    Int: 16    God:    Sif Muna [*****.]
Gold:   0          SH:  0    Dex: 16    Spells: 14/29 levels left

rFire    x . .     SeeInvis .     - Unarmed
rCold    + + +     Faith    .   (shield currently unavailable)
rNeg     + + +     Spirit   .   (helmet currently unavailable)
rPois    ∞         Reflect  .   (no amulet)
rElec    .         Harm     .   k - +2 ring of evasion
rCorr    .         Rampage  .   l - +3 ring of dexterity
Will     .....     NoTele   +   (no ring)
Stlth    +++.......             (no ring)
HPRegen  0.22/turn              (no ring)
MPRegen  0.19/turn              (no ring)
                                (no ring)
                                (no ring)

@: ice-form, petrified, wereblooded
A: large, almost no armour, stealthy swim, amphibious, 8 rings, (constrict 8)
a: End Transformation, Renounce Religion, Channel Magic, Forget Spell, Divine
Exegesis


You were in the Dungeon.
You worshipped Sif Muna.
Sif Muna was extremely pleased with you.
You were a creature of crystalline ice.
You visited 1 branch

Inventory:

Jewellery
 k - a +2 ring of evasion (left front paw)
 l - a +3 ring of dexterity (right front paw)
Wands
 j - a wand of acid (6)
Scrolls
 g - 2 scrolls of blinking
 h - 5 scrolls of remove curse
 i - 2 scrolls of amnesia
 n - 2 scrolls of fog
 o - 2 scrolls of enchant weapon
Potions
 a - a potion of invisibility
 b - 5 potions of curing
 c - 11 potions of heal wounds
 d - 2 potions of haste
 e - 4 potions of magic
 f - a potion of berserk rage
 m - a potion of might


   Skills:
 + Level 3.3 Fighting
 + Level 9.2 Dodging
 + Level 6.1 Stealth
 + Level 16.7 Unarmed Combat
 + Level 10.2 Spellcasting
 + Level 9.5 Transmutations
 + Level 3.2 Ice Magic
 + Level 3.4 Poison Magic
 + Level 2.5 Evocations


You had 14 spell levels left.
You knew the following spells:

 Your Spells              Type           Power        Failure   Level
a - Beastly Appendage     Tmut           76%          1%          1
b - Wereblood             Tmut           38%          1%          2
c - Spider Form           Tmut/Pois      14%          1%          3
d - Blade Hands           Tmut           19%          4%          5
e - Ice Form              Ice/Tmut       28%          6%          4

Your spell library contained the following spells:

 Spells                   Type           Power        Failure   Level
 Frozen Ramparts          Ice            36%          7%          3
 Mephitic Cloud           Conj/Pois/Air  11%          17%         3
 Irradiate                Conj/Tmut      11%          34%         5
 Iskenderun's Mystic Bla  Conj/Tloc      8%           65%         4
 Metabolic Englaciation   Hex/Ice        6%           77%         5
 Fireball                 Conj/Fire      4%           94%         5
 Simulacrum               Ice/Necr       6%           100%        6
 Orb of Destruction       Conj           4%           100%        7


Dungeon Overview and Level Annotations

Branches:
Dungeon (1/1)

Altars:
Cheibriados
Dithmenos
Elyvilon
Fedhas
Gozag
Hepliaklqana
Kikubaaqudgha
Makhleb
Nemelex Xobeh
Okawaru
Qazlal
Ru
Sif Muna
Trog
Uskayaw
Vehumet
Wu Jian
Xom
Yredelemnul
Zin
The Shining One
Beogh
Jiyva
Lugonu


Innate Abilities, Weirdness & Mutations

You cannot wear most types of armour.
You are very stealthy in the water. (Stealth+)
You are amphibious.
You can wear up to eight rings at the same time.
((You can use your tentacles to constrict eight enemies at once.))
((Your skin changes colour to match your surroundings (Stealth+).))
((Your rubbery body absorbs attacks. (AC +1, EV +1)))


Message History

You are engulfed in calcifying dust. x2
The four-headed hydra bites you! x2
The four-headed hydra bites you but does no damage.
The four-headed hydra bites you. The four-headed hydra bites you.
The four-headed hydra bites you! The four-headed hydra bites you.
The four-headed hydra bites you! The four-headed hydra bites you.
The four-headed hydra bites you!
* * * LOW HITPOINT WARNING * * *
The four-headed hydra bites you.
* * * LOW HITPOINT WARNING * * *
The four-headed hydra bites you!
* * * LOW HITPOINT WARNING * * *
The four-headed hydra bites you!
* * * LOW HITPOINT WARNING * * *
The four-headed hydra bites you but does no damage.
The four-headed hydra bites you!
* * * LOW HITPOINT WARNING * * *
The four-headed hydra barely misses you.
The four-headed hydra bites you!
You die...

▓▓▓▓▓▓▓▓▓▓▓▓▓▓▓▓▓▓▓▓▓▓▓▓
))....÷'.....†..YDSS....
▓▓▓▓▓▓▓▓▓▓▓▓▓▓▓▓▓▓▓▓▓▓▓▓▓▓▓▓▓▓▓▓▓
.................................
▓▓▓▓▓▓▓▓▓▓▓▓▓▓▓▓▓▓▓▓▓▓▓▓▓▓▓▓▓▓▓▓▓
..'________________________'..).[
▓▓▓▓▓▓▓▓▓▓▓▓▓▓▓▓▓▓▓▓▓▓▓▓▓▓▓▓▓▓▓▓▓


You could see a four-headed hydra and 2 black mambas.

Vanquished Creatures
  A catoblepas (D)
  2 two-headed ogres (D)
  A cyclops (D)
  4 black mambas (D)
  3 cane toads (D)
  A komodo dragon (D)
  A tengu conjurer (D)
  A polar bear (D)
  2 water moccasins (D)
  An ogre (D)
  3 bullfrogs (D)
  A scorpion (D)
  A hound (D)
  An iguana (D)
  4 worker ants (D)
  An adder (D)
  A shadow imp (D)
  A white imp (D)
  A leopard gecko (D)
  2 goblins (D)
  A quokka (D)
  A bat (D)
  2 rats (D)
37 creatures vanquished.

Notes
Turn   | Place    | Note
-------+----------+-------------------------------------------
     0 | D        | mhtbhm the Octopode Transmuter began the quest for the Orb.
     0 | D        | Reached XP level 1. HP: 13/13 MP: 3/3
   282 | D        | Noticed a hound
   287 | D        | Reached skill level 4 in Unarmed Combat
   291 | D        | Killed a hound
   292 | D        | Reached skill level 5 in Unarmed Combat
   292 | D        | Reached XP level 2. HP: 9/18 MP: 3/6
   292 | D        | Reached XP level 3. HP: 11/23 MP: 3/7
   307 | D        | Found a roughly hewn altar of Beogh.
   307 | D        | Found a snail-covered altar of Cheibriados.
   307 | D        | Found a shadowy altar of Dithmenos.
   307 | D        | Found a white marble altar of Elyvilon.
   307 | D        | Found a blossoming altar of Fedhas.
   307 | D        | Found an opulent altar of Gozag.
   308 | D        | Found a hazy altar of Hepliaklqana.
   309 | D        | Found a viscous altar of Jiyva.
   310 | D        | Found an ancient bone altar of Kikubaaqudgha.
   311 | D        | Found a corrupted altar of Lugonu.
   312 | D        | Found a burning altar of Makhleb.
   313 | D        | Found a sparkling altar of Nemelex Xobeh.
   314 | D        | Found an iron altar of Okawaru.
   315 | D        | Found a stormy altar of Qazlal.
   316 | D        | Found a sacrificial altar of Ru.
   317 | D        | Found a shimmering blue altar of Sif Muna.
   318 | D        | Found a bloodstained altar of Trog.
   319 | D        | Found a hide-covered altar of Uskayaw.
   320 | D        | Found a radiant altar of Vehumet.
   321 | D        | Found an ornate altar of the Wu Jian Council.
   322 | D        | Found a shimmering altar of Xom.
   323 | D        | Found a basalt altar of Yredelemnul.
   324 | D        | Found a glowing silver altar of Zin.
   325 | D        | Became a worshipper of Sif Muna the Loreminder
   329 | D        | Learned a level 2 spell: Wereblood
   333 | D        | Learned a level 3 spell: Spider Form
   333 | D        | Found a glowing golden altar of the Shining One.
   728 | D        | Noticed a scorpion
   728 | D        | Noticed a two-headed ogre
   734 | D        | Reached skill level 1 in Stealth
   734 | D        | Reached skill level 6 in Unarmed Combat
   734 | D        | Reached XP level 4. HP: 28/28 MP: 3/9
   736 | D        | Reached skill level 7 in Unarmed Combat
   736 | D        | Reached XP level 5. HP: 33/33 MP: 4/11
   736 | D        | Reached * piety under Sif Muna
   742 | D        | Killed a two-headed ogre
   743 | D        | Reached skill level 11 in Unarmed Combat
   743 | D        | Reached skill level 1 in Poison Magic
   743 | D        | Reached XP level 6. HP: 36/39 MP: 4/16
   743 | D        | Reached XP level 7. HP: 41/45 MP: 4/17
   749 | D        | Reached ** piety under Sif Muna
   933 | D        | Learned a level 5 spell: Blade Hands
   938 | D        | Learned a level 4 spell: Ice Form
   941 | D        | Noticed a tengu conjurer
   941 | D        | Noticed a cyclops
   941 | D        | Noticed a two-headed ogre
   948 | D        | Reached XP level 8. HP: 50/50 MP: 12/18
   948 | D        | Killed a tengu conjurer
   949 | D        | Reached skill level 12 in Unarmed Combat
   951 | D        | Killed a cyclops
   952 | D        | Reached skill level 13 in Unarmed Combat
   954 | D        | Killed a two-headed ogre
   954 | D        | Reached *** piety under Sif Muna
   955 | D        | Reached skill level 5 in Stealth
   955 | D        | Reached skill level 1 in Ice Magic
   955 | D        | Reached XP level 9. HP: 43/54 MP: 13/21
   958 | D        | Reached skill level 14 in Unarmed Combat
  1221 | D        | Noticed a black mamba
  1221 | D        | Noticed a komodo dragon
  1221 | D        | Noticed a black mamba
  1221 | D        | Noticed a black mamba
  1226 | D        | Killed a black mamba
  1227 | D        | Reached skill level 1 in Evocations
  1231 | D        | Reached **** piety under Sif Muna
  1233 | D        | Killed a komodo dragon
  1237 | D        | Killed a black mamba
  1238 | D        | Reached skill level 15 in Unarmed Combat
  1239 | D        | Killed a black mamba
  1240 | D        | Reached XP level 10. HP: 27/61 MP: 17/23
  1241 | D        | Reached ***** piety under Sif Muna
  1243 | D        | Identified Sif Muna's Incunabulum of Attacks and Ice (Sif
                  | Muna gifted it to you in the Dungeon)
  1243 | D        | Received a gift from Sif Muna
  1620 | D        | Noticed a black mamba
  1620 | D        | Noticed a cane toad
  1620 | D        | Noticed a cane toad
  1620 | D        | Noticed a catoblepas
  1620 | D        | Noticed a cane toad
  1622 | D        | Killed a black mamba
  1623 | D        | Noticed a four-headed hydra
  1623 | D        | Killed a cane toad
  1624 | D        | Reached skill level 16 in Unarmed Combat
  1754 | D        | Noticed a black mamba
  1754 | D        | Noticed a black mamba
  1760 | D        | Killed a cane toad
  1761 | D        | Reached skill level 10 in Spellcasting
  1765 | D        | Killed a catoblepas
  1766 | D        | Killed a cane toad
  1766 | D        | Identified Sif Muna's Compendium of Curses and Shape
                  | Shifting (Sif Muna gifted it to you in the Dungeon)
  1766 | D        | Received a gift from Sif Muna
  1773 | D        | HP: 2/75 [four-headed hydra (5)]
  1774 | D        | Slain by a four-headed hydra

Illustrated notes

Levels and vault maps discovered:
D:        linesprint [early_d, line_temple, items_1, d_10, items_2, lair_1,
          lair_end, items_3, orc_1, orc_end, items_4, d_15, swamp_1, shoals_1,
          snake_1, spider_1, d_20, vaults_1, items_5, swamp_end, shoals_end,
          snake_end, spider_end, vaults_end, d_27, items_6, zot_1, zot_end,
          crypt_end, forest_end, elf_end, slime_end, tomb_end, abyss_end,
          pan_hell_end]

Skill      XL: |  1  2  3  4  5  6  7  8  9 10 |
---------------+-------------------------------+-----
Unarmed Combat | 5 6 7 11 13 15 16 | 16.7
Spellcasting   | 3 4 7 8 9 10 | 10.2
Transmutations | 3 6 7 8 9 |  9.5
Dodging        | 3 4 6 8 9 |  9.2
Stealth        | 1 4 5 6 |  6.1
Fighting       | 2 3 |  3.3
Poison Magic   | 1 2 3 |  3.4
Ice Magic      | 1 2 3 |  3.2
Evocations     | 1 2 |  2.5

Action                   |  1- 3 |  4- 6 |  7- 9 | 10-12 || total
-------------------------+-------+-------+-------+-------++-------
Melee: Unarmed           |    32 |     7 |    36 |    23 ||    98
       Constrict         |     7 |       |     2 |       ||     9
       Kick              |     6 |       |       |       ||     6
       Tentacles         |     1 |       |     1 |       ||     2
       Punch             |       |       |     1 |     1 ||     2
 Cast: Beastly Appendage |     3 |       |       |       ||     3
       Wereblood         |     1 |       |     2 |     1 ||     4
       Spider Form       |     1 |       |       |       ||     1
       Ice Form          |       |       |     2 |     1 ||     3
       Blade Hands       |       |       |       |     1 ||     1
Evoke: Wand              |       |     1 |     1 |     2 ||     4
Armor: Skin              |     3 |       |     1 |     4 ||     8
Dodge: Dodged            |    17 |     8 |    18 |     6 ||    49

Table legend: (Time is in decaauts)
 A = Elapsed time spent in this place.
 B = Non-inter-level travel time spent in this place.
 C = Inter-level travel time spent in this place.
 D = Time resting spent in this place.
 E = Time spent auto-exploring this place.
 F = Levels seen in this place.
 G = Mean time per level.
                   A        B        C        D        E       F      G
               +--------+--------+--------+--------+--------+-----+--------+
         Total |   1755 |   1755 |      0 |   1263 |    230 |   1 | 1755.0 |
       Dungeon |   1755 |   1755 |      0 |   1263 |    230 |   1 | 1755.0 |
               +--------+--------+--------+--------+--------+-----+--------+

Top non-repeatable levels by time:
       D: 1755 daAuts
